 Dungeon Crawl Stone Soup version 0.23.2-40-g277498a001 (webtiles) character file.

Game seed: 18121959520860291478

63 Dexcius the Firebug (level 3, -3/24 HPs)
             Began as a Demonspawn Fire Elementalist on Sept 23, 2019.
             Slain by a worm (4 damage)
             ... on level 2 of the Dungeon on Sept 24, 2019.
             The game lasted 00:24:16 (2002 turns).

Dexcius the Firebug (Demonspawn Fire Elementalist)  Turns: 2002, Time: 00:24:17

Health: -3/24      AC:  6    Str:  8    XL:     3   Next: 87%
Magic:  0/6        EV: 13    Int: 17    God:
Gold:   63         SH:  0    Dex: 20    Spells: 5/6 levels left

rFire    . . .     SeeInvis .   b - +0 whip
rCold    . . .     Gourm    .   (no shield)
rNeg     . . .     Faith    .   d - +0 scale mail
rPois    .         Spirit   .   (no helmet)
rElec    .         Reflect  .   (no cloak)
rCorr    .         Harm     .   (no gloves)
MR       .....                  (no boots)
Stlth    ++........             (no amulet)
HPRegen  0.08/turn              (no ring)
MPRegen  0.10/turn              (no ring)

@: agile, very slightly contaminated
A: thin skeletal structure 1
a: no special abilities


You were on level 2 of the Dungeon.
You were not hungry.

You visited 1 branch of the dungeon, and saw 2 of its levels.

You collected 63 gold pieces.

Inventory:

Hand Weapons
 b - a +0 whip (weapon)
Armour
 d - a +0 scale mail (worn)
Scrolls
 a - a scroll of remove curse {unknown}
 e - a scroll of fog {unknown}
 h - a scroll of identify {unknown}
Potions
 c - a potion of cancellation
 g - a potion of agility


   Skills:
 + Level 0.3 Maces & Flails
 + Level 1.3 Armour
 + Level 1.9 Dodging
 + Level 1.8 Stealth
 + Level 2.4 Spellcasting
 + Level 1.4 Conjurations
 + Level 3.4 Fire Magic


You had 5 spell levels left.
You knew the following spells:

 Your Spells              Type           Power        Failure   Level  Hunger
a - Flame Tongue          Conj/Fire      ##...        56%         1    #......

Your spell library contained the following spells:

 Spells                   Type           Power        Failure   Level  Hunger
 Throw Flame              Conj/Fire      ##....       71%         2    ##.....
 Conjure Flame            Conj/Fire      ##......     90%         3    ###....
 Inner Flame              Hex/Fire       #.......     95%         3    ###....
 Sticky Flame             Conj/Fire      ##......     100%        4    #####..
 Fireball                 Conj/Fire      ##........   100%        5    ######.


Dungeon Overview and Level Annotations

Branches:
Dungeon (2/15)

Altars:


Innate Abilities, Weirdness & Mutations

You have a somewhat thin skeletal structure. (Dex +2, Stealth)


Message History

Press: ? - help, Shift-Dir - straight line, f - worm
Aim: a worm (moderately wounded)
The flame tongue hits the worm!
The worm is almost dead.
The worm bites you!
* * * LOW HITPOINT WARNING * * *
You feel agile all of a sudden. The worm misses you.
Casting: Flame Tongue (safe; 56% risk of failure)
Confirm with . or Enter, or press ? or * to list all spells.
You don't have enough magic to cast that spell.
Your scale mail prevents you from hitting the worm.
The worm is severely wounded.
You hit the worm but do no damage.
The worm is severely wounded.
The worm barely misses you.
You hit the worm but do no damage.
The worm is severely wounded.
The worm bites you.
You die...

#.# ##. #.#.##
#.. #.#..####
#.#
#.##)...######
#.. #.
#.......... ##.
#####.
#....######.###.
..... #.#.##
#.......
#††##[#.#
#.#.....
#.w@#.#.# ######
#.....#.#
#.......#
#.......#
#.###.#... #..
...#### #.. #..#
#.. #... <.##


You could see a worm.

Vanquished Creatures
  3 adders
  2 dart slugs (D:1)
  A giant cockroach (D:2)
  7 goblins
  4 hobgoblins
  2 bats (D:1)
  2 frilled lizards
  6 kobolds (D:1)
  5 rats
32 creatures vanquished.

Notes
Turn   | Place    | Note
-------+----------+-------------------------------------------
     0 | D:1      | Dexcius the Demonspawn Fire Elementalist began the quest
                  | for the Orb.
     0 | D:1      | Reached XP level 1. HP: 13/13 MP: 3/3
   327 | D:1      | Reached skill level 3 in Fire Magic
   327 | D:1      | Gained mutation: You have a somewhat thin skeletal
                  | structure. (Dex +2, Stealth) [demonic ancestry]
   327 | D:1      | Reached XP level 2. HP: 19/19 MP: 1/5
  1427 | D:1      | Reached XP level 3. HP: 10/24 MP: 1/6
  1768 | D:2      | Reached skill level 1 in Armour
  1998 | D:2      | HP: 1/24 [worm (9)]
  2002 | D:2      | Slain by a worm

Skill      XL: |  1  2  3 |
---------------+----------+-----
Fire Magic     | 3 |  3.4
Armour         | 1 |  1.3
Maces & Flails | |  0.3
Dodging        | |  1.9
Stealth        | |  1.8
Spellcasting   | |  2.4
Conjurations   | |  1.4

Action                   || total
-------------------------++-------
Melee: Whip              ||   101
       Unarmed           ||     2
 Cast: Flame Tongue      ||    38
  Use: Potion            ||     5
  Eat: Ration            ||     1
       Chunk             ||     1
Armor: Scale mail        ||    65
       Robe              ||     1
       Skin              ||     9
Dodge: Dodged            ||    72
